Map: [ESL] Waterfall

Players

Reynor

  • Race: Zerg Zerg
  • League: Master
  • Spawn Location: 7:00

ByuN - Winner!

  • Race: Terran Terran
  • Spawn Location: 1:00

Event: HomeStory Cup XXII

VOD

Have the link to the VOD?

Description

Time

  • Played on: Dec. 18, 2022, 1:01 p.m.
  • Length: 11:34

All games in this series

Show
View Real Time Build Order
Export as new Build Order

Reynor Zerg 

Build Orders: Pool First 

Get SALT Encoding   

  12  0:00  Drone  
  13  0:12  Overlord  
  13  0:16  Drone  
  14  0:30  Drone x2  
  14  0:33  Drone  
  17  0:40  Extractor  
  16  0:44  Drone  
  17  0:50  Spawning Pool  
  17  0:55  Drone  
  17  1:06  Drone  
  18  1:19  Hatchery  
  18  1:24  Drone  
  18  1:37  Zergling x2, Queen  
  21  1:44  Metabolic Boost  
  21  1:51  Overlord  
  21  1:58  Overlord  
  21  2:10  Drone  
  22  2:16  Queen  
  22  2:17  Drone  
  22  2:22  Drone  
  26  2:31  Drone x2  
  28  2:43  Drone x2  
  30  2:49  Hatchery  
  29  2:52  Drone  
  29  2:54  Drone  
  29  2:56  Drone  
  32  3:01  Overlord  
  32  3:03  Drone  
  33  3:08  Drone  
  33  3:12  Drone  
  35  3:17  Drone  
  35  3:19  Queen  
  38  3:23  Queen  
  38  3:26  Overlord  
  40  3:28  Drone  
  40  3:30  Drone  
  40  3:32  Drone  
  43  3:36  Drone  
  43  3:39  Overlord  
  44  3:47  Drone  
  44  3:48  Drone  
  44  3:55  Lair  
  45  3:57  Drone, Extractor  
  45  3:58  Drone  
  45  3:59  Queen  
  45  4:02  Queen, Drone  
  49  4:07  Drone  
  52  4:10  Drone  
  52  4:12  Drone  
  54  4:20  Baneling Nest, Drone x2  
  54  4:22  Overlord  
  55  4:26  Zergling x6  
  55  4:30  Zergling x2  
  55  4:31  Zergling x2  
  60  4:32  Drone x3  
  60  4:33  Drone  
  60  4:34  Spore Crawler  
  63  4:42  Overlord  
  63  4:44  Zergling x4  
  65  4:52  Overlord  
  65  4:57  Overlord  
  65  5:02  Drone x4  
  65  5:03  Drone  
  65  5:05  Overlord  
  70  5:07  Zergling x4  
  70  5:08  Zergling x2  
  70  5:10  Overlord  
  70  5:11  Overseer  
  70  5:13  Baneling x5  
  73  5:15  Drone x4  
  73  5:19  Baneling x2, Queen  
  79  5:22  Zergling x4  
  79  5:27  Overlord  
  77  5:31  Zergling x6  
  77  5:32  Zergling x2  
  77  5:34  Zergling x6  
  77  5:37  Zergling x4  
  77  5:39  Queen  
  77  5:42  Drone  
  80  5:46  Drone  
  80  5:47  Drone  
  80  5:49  Evolution Chamber  
  81  5:50  Evolution Chamber  
  81  5:54  Drone  
  81  5:55  Spore Crawler  
  80  5:57  Drone  
  80  5:58  Drone, Hatchery  
  80  6:00  Overseer  
  80  6:02  Drone x3  
  84  6:05  Drone  
  84  6:06  Spore Crawler  
  84  6:07  Drone  
  84  6:10  Drone x3  
  87  6:12  Drone  
  87  6:16  Zerg Ground Armor Level 1  
  87  6:17  Zerg Melee Weapons Level 1  
  88  6:22  Drone x2  
  88  6:23  Overlord  
  90  6:27  Drone x3  
  90  6:30  Extractor x2  
  91  6:34  Overlord  
  91  6:37  Zergling x8  
  91  6:38  Zergling x6  
  91  6:39  Centrifugal Hooks  
  98  6:42  Zergling x4  
  100  6:49  Zergling x2  
  100  6:53  Zergling x4  
  103  7:01  Baneling x3  
  103  7:02  Zergling x8  
  103  7:05  Zergling x10  
  103  7:06  Baneling x9  
  103  7:08  Hatchery  
  111  7:09  Zergling x2  
  111  7:11  Zergling x8  
  116  7:17  Zergling x4  
  116  7:19  Baneling x5  
  116  7:21  Overlord x2  
  117  7:27  Zergling x4  
  119  7:32  Baneling x6  
  115  7:38  Zergling x2  
  115  7:39  Zergling x14  
  122  7:45  Overlord  
  122  7:46  Zergling x2  
  122  7:49  Zergling x2  
  124  7:54  Zergling x2  
  124  7:57  Zergling x4  
  126  8:00  Zergling x2  
  126  8:03  Zergling x6, Queen  
  132  8:10  Zergling x2  
  131  8:18  Zergling x4  
  116  8:20  Zergling x2  
  116  8:24  Zerg Ground Armor Level 2  
  116  8:26  Zergling x4  
  119  8:29  Queen  
  119  8:33  Zergling x2  
  119  8:34  Hatchery  
  121  8:35  Zergling x2  
  121  8:39  Zergling x2  
  123  8:42  Zergling x2  
  123  8:45  Zergling x2  
  123  8:47  Baneling x8  
  126  8:48  Zergling x2  
  126  8:52  Zergling x2  
  126  8:54  Hatchery  
  127  8:56  Zergling x2  
  127  8:59  Zergling x2  
  127  9:00  Baneling  
  127  9:01  Baneling x2  
  129  9:04  Zergling x4  
  129  9:07  Baneling  
  129  9:08  Queen  
  129  9:09  Zergling x8  
  137  9:10  Hatchery  
  137  9:11  Queen  
  137  9:12  Extractor  
  137  9:13  Zergling x2  
  137  9:17  Baneling x3  
  137  9:18  Queen  
  137  9:20  Zergling x2  
  137  9:21  Zergling x2  
  141  9:24  Zergling x2  
  141  9:30  Overlord  
  142  9:37  Zergling x4  
  135  9:39  Zergling x4  
  135  9:41  Zergling x10  
  122  9:46  Zergling x8  
  122  9:48  Zergling x2  
  114  9:55  Zergling x4  
  114  9:58  Zergling x2, Queen  
  113  10:05  Queen  
  113  10:06  Extractor  
  111  10:07  Zergling x2  
  111  10:08  Spawning Pool, Hatchery  
  111  10:13  Baneling x4  
  72  10:57  Zergling x26  
  67  10:58  Queen x2  
Show
View Real Time Build Order
Export as new Build Order

ByuN Terran - Winner!

Build Orders: Hellion Banshee 

Get SALT Encoding   

  12  0:00  SCV  
  13  0:12  SCV  
  14  0:17  Supply Depot  
  14  0:24  SCV  
  15  0:38  SCV  
  15  0:39  Barracks  
  16  0:50  SCV  
  17  1:03  SCV  
  18  1:04  Refinery  
  18  1:15  SCV  
  19  1:26  Marine  
  19  1:27  Orbital Command  
  20  1:36  Command Center  
  20  1:44  Marine  
  20  1:47  Supply Depot  
  21  1:52  SCV  
  22  2:05  Factory  
  22  2:06  SCV  
  23  2:12  Marine  
  23  2:14  Refinery  
  24  2:18  SCV  
  25  2:22  Bunker  
  25  2:30  Barracks Reactor  
  25  2:32  SCV  
  27  2:44  SCV  
  27  2:48  Factory Tech Lab  
  27  2:49  Orbital Command  
  27  2:55  Starport  
  27  2:56  SCV  
  28  3:06  Marine  
  28  3:07  Marine  
  28  3:08  Hellion  
  32  3:14  SCV x2  
  34  3:26  SCV x2  
  36  3:29  Supply Depot  
  36  3:38  SCV  
  36  3:39  SCV  
  40  3:43  Medivac, Cloaking Field  
  42  3:50  SCV  
  42  3:51  SCV, Hellion x2  
  42  3:52  Armory, Marine  
  47  4:03  SCV x2  
  47  4:07  Supply Depot  
  49  4:12  Barracks Tech Lab  
  49  4:13  Hellion x2  
  49  4:15  SCV  
  54  4:20  Supply Depot  
  54  4:26  Banshee  
  54  4:29  SCV x2  
  59  4:32  Stimpack, Marine  
  59  4:34  Hellion x2  
  64  4:38  Supply Depot  
  64  4:41  SCV  
  64  4:45  SCV  
  66  4:50  Marine  
  67  4:53  SCV  
  67  4:55  Refinery  
  67  4:58  Engineering Bay  
  67  4:59  Barracks  
  68  5:01  Barracks  
  68  5:02  SCV  
  68  5:04  Factory Tech Lab  
  69  5:08  SCV, Marine  
  71  5:15  SCV  
  71  5:19  Terran Vehicle Weapons Level 1  
  71  5:21  SCV  
  73  5:26  Marine  
  73  5:27  SCV  
  73  5:33  SCV  
  73  5:34  Siege Tank  
  69  5:39  SCV  
  63  5:47  Marine x2  
  63  5:48  Marine  
  67  5:51  Barracks x2, Starport Reactor  
  67  5:53  Terran Infantry Weapons Level 1  
  67  5:55  Engineering Bay, Combat Shield, Marine  
  67  5:57  Refinery  
  67  6:05  Marine x3  
  67  6:10  Siege Tank  
  73  6:13  Marine  
  73  6:17  Supply Depot  
  73  6:18  Supply Depot  
  74  6:22  Terran Infantry Armor Level 1  
  74  6:23  Marine x3  
  77  6:29  Medivac  
  77  6:31  Marine  
  80  6:35  Medivac  
  82  6:41  Supply Depot, Marine x5  
  82  6:42  Supply Depot  
  87  6:49  Marine  
  87  6:52  Siege Tank  
  91  6:59  Marine x5  
  91  7:00  Supply Depot  
  96  7:06  Marine  
  97  7:16  Marine  
  97  7:17  Marine x4  
  97  7:22  Medivac x2  
  106  7:24  Supply Depot, Siege Tank, Marine  
  106  7:25  Supply Depot  
  110  7:34  Marine x3  
  110  7:35  Marine x2  
  115  7:42  Marine  
  116  7:51  Medivac  
  116  7:52  Marine x4  
  116  7:53  Supply Depot, Marine  
  116  7:54  Supply Depot  
  116  7:56  Siege Tank  
  126  8:00  Marine  
  127  8:10  Marine x5  
  132  8:18  Marine  
  120  8:23  Medivac x2  
  120  8:28  Siege Tank, Marine x5  
  128  8:36  Command Center, Marine  
  129  8:45  Marine  
  129  8:46  Marine x4  
  134  8:53  Marine  
  135  8:57  Armory  
  132  9:03  Marine x2  
  132  9:04  Marine x3  
  137  9:11  Siege Tank, Marine  
  141  9:21  Marine x2  
  143  9:26  Marine x3  
  146  9:36  Marine  
  147  9:39  Marine x2  
  147  9:43  Siege Tank  
  147  9:44  Marine x3  
  138  9:53  Liberator, Marine  
  138  9:57  Marine x2  
  144  10:01  Marine x2  
  144  10:02  Marine  
  144  10:04  Liberator  
  145  10:11  Marine  
  146  10:14  Marine  
  146  10:15  Siege Tank, Marine  
  146  10:19  Marine x2  
  146  10:20  Marine  
  142  10:29  Marine  
  142  10:32  Marine x2  
  142  10:37  Marine x2  
  142  10:38  Marine  
  141  10:47  Siege Tank, Marine  
  141  10:50  Marine x2  
  141  10:55  Medivac x2, Marine x3  
  144  11:05  Marine  
  144  11:08  Marine x2  
Tags
 
Composition
Hellion Banshee
League
Master
Matchup
TvZ
Opening
Pool First
Replay Pack
hsc22
Spawn Locations
Cross Positions
Add a new tag
Caveats
  • Supply blocks, unpowered buildings, or Contaminate may cause inaccurate times.
  • Supply counts are checked every 10 seconds.